 Dungeon Crawl Stone Soup version 0.17-a0-1687-g01fd01a (webtiles) character file.

33 ThePrisonSlayer the Sneak (level 3, -2/24 HPs)
             Began as a Vampire Enchanter on Aug 19, 2015.
             Slain by a kobold
             ... wielding a +0 short sword
              (6 damage)
             ... on level 2 of the Dungeon.
             The game lasted 00:22:02 (1639 turns).

ThePrisonSlayer the Sneak (Vampire Enchanter)       Turns: 1639, Time: 00:22:02

Health: -2/24      AC:  4    Str:  7    XL:     3   Next: 12%
Magic:  6/6        EV: 13    Int: 17    God:
Gold:   72         SH:  0    Dex: 15    Spells: 1 memorised, 5 levels left

rFire  . . .     SeeInvis +     a - +1 dagger
rCold  . . .     Clarity  .     b - +1 robe
rNeg   + . .     SustAt   .     (no shield)
rPois  .         Gourm    .     (no helmet)
rElec  .         Spirit   .     l - +0 cloak
rCorr  .         Warding  .     (no gloves)
rMut   .         Stasis   .     (no boots)
MR     .....                    (no amulet)
Stlth  ++++......               (no ring)
                                k - ring of stealth

@: not resistant to hostile enchantments, stealthy
A: fangs 3, see invisible, unbreathing
a: Bat Form


You were on level 2 of the Dungeon.
You were not thirsty.

You visited 1 branch of the dungeon, and saw 2 of its levels.

You collected 72 gold pieces.

Inventory:

Hand weapons
 a - a +1 dagger (weapon)
 h - a +0 club
 o - a +0 dagger
 r - a +0 dagger
Missiles
 g - 10 bolts of frost
Armour
 b - a +1 robe (worn)
 l - a +0 cloak (worn)
 q - a cursed +0 ring mail
Jewellery
 k - a ring of stealth (left hand)
Scrolls
 e - a scroll of teleportation {unknown}
 j - a scroll of remove curse {unknown}
 p - a scroll of fog {unknown}
 s - a scroll of enchant armour {unknown}
 t - a scroll of identify {unknown}
 v - a scroll of magic mapping {unknown}
Potions
 d - 7 potions of blood
 f - a potion of invisibility {unknown}
 i - 2 potions of curing {unknown}
 m - a potion of cure mutation {unknown}
 n - 2 potions of heal wounds {unknown}
Books
 c - a book of Maledictions

   Spells                             Type                      Level
   a - Corona                         Hexes                        1
   b - Ensorcelled Hibernation        Hexes/Ice                    2
   c - Confuse                        Hexes                        3
   d - Tukima's Dance                 Hexes                        3
   e - Dazzling Spray                 Conjuration/Hexes            3
 u - a Young Poisoner's Handbook

   Spells                             Type                      Level
   a - Sting                          Conjuration/Poison           1
   b - Cure Poison                    Poison                       2
   c - Mephitic Cloud                 Conjuration/Poison/Air       3
   d - Olgreb's Toxic Radiance        Poison                       4
   e - Venom Bolt                     Conjuration/Poison           5


   Skills:
 * Level 1.5 Short Blades
 * Level 2.7 Dodging
 * Level 5.1 Stealth
 + Level 2.1 Spellcasting
 - Level 4.8 Hexes


You had 5 spell levels left.
You knew the following spells:

 Your Spells              Type           Power        Failure   Level  Hunger
a - Corona                Hex            ###....      2%          1    #......


Dungeon Overview and Level Annotations

Branches:
Dungeon (2/15)

Altars:


Innate Abilities, Weirdness & Mutations

You have razor-sharp teeth.
You have supernaturally acute eyesight.
You can survive without breathing.


Message History

You hit the jackal.
The jackal is heavily wounded.
The jackal bites you but does no damage.
The jackal bites you.
An adder comes into view.
You hit the jackal but do no damage.
The jackal is heavily wounded.
The jackal bites you.
* * * LOW HITPOINT WARNING * * *
You hit the jackal but do no damage.
The jackal is heavily wounded.
The kobold hits you but does no damage. The jackal closely misses you.
You hit the jackal.
You kill the jackal!
The kobold misses you. The kobold misses you.
You closely miss the kobold. The kobold hits you with a dagger.
* * * LOW HITPOINT WARNING * * *
The kobold hits you with a short sword.
You die...

#.((# #...#
#...#
####...#######
..............#
.........<...(#
...........h...#
######...#####K#
#>..# #@# ......
#K#
#.#....#...S...#
#.#... #.##.##.#
#. .. ..# # #.
#.. # #.# ...
...


You could see an adder and 2 kobolds.

Vanquished Creatures
  2 adders (D:2)
  3 bats (D:1)
  4 goblins (D:1)
  A hobgoblin (D:1)
  A giant cockroach (D:1)
  4 jackals (D:2)
  2 kobolds (D:1)
  2 rats (D:1)
19 creatures vanquished.

Notes
Turn   | Place    | Note
--------------------------------------------------------------
     0 | D:1      | ThePrisonSlayer the Vampire Enchanter began the quest for the Orb.
     0 | D:1      | Reached XP level 1. HP: 13/13 MP: 3/3
  1143 | D:1      | Reached XP level 2. HP: 19/19 MP: 5/5
  1572 | D:2      | Reached skill level 5 in Stealth
  1572 | D:2      | Reached XP level 3. HP: 24/24 MP: 6/6
  1639 | D:2      | Slain by a kobold

Vault maps used:
D:1:      dpeg_arrival_radiant
D:2:      ecumenical_altar_2

Action                   || total
-------------------------++-------
Melee: Dagger            ||    75
 Abil: End Transformatio ||     1
       Bat Form          ||     1
  Use: Potion            ||     2
 Stab: Sleeping          ||     7
       Distracted        ||     1
